 Dungeon Crawl Stone Soup version 0.31-a0-675-g238779eb0a (webtiles) character file.

Game seed: 1113076336432332888

11570 qw the Skirmisher (level 11, 0/72 HPs)
             Began as a Gargoyle Hunter on Sept 5, 2023.
             Was an Elder of Okawaru.
             Killed from afar by a manticore (9 damage)
             ... with a volley of spikes
             ... on level 9 of the Dungeon.
             The game lasted 00:03:50 (8385 turns).

qw the Skirmisher (Gargoyle Hunter)                 Turns: 8385, Time: 00:03:50

Health: 0/72       AC: 19    Str: 11    XL:     11   Next: 79%
Magic:  13/15      EV: 22    Int:  9    God:    Okawaru [****..]
Gold:   568        SH:  0    Dex: 27    Spells: 10/10 levels left

rFire   . . .        Y - +1 orcbow
rCold   . . .        (shield currently unavailable)
rNeg    + + .        r - +2 leather armour of Ixoamol {rElec rN+ Str-5 Dex+4}
rPois   inf          j - +1 helmet
rElec   +            (no cloak)
rCorr   .            (no gloves)
SInv    .            g - +2 pair of boots
Will    +....        (no amulet)
Stlth   ++++         e - +6 ring of dexterity
HPRegen 0.32/turn    n - +4 ring of slaying {mikee}
MPRegen 0.14/turn

%: no passive effects
@: about to teleport, heroic, spiked
A: sickness immunity, AC +8, negative energy resistance 1, electricity
resistance, torment resistance 1, petrification resistance, strong-willed 1
a: Renounce Religion, Heroism, Finesse


You were on level 9 of the Dungeon.
You worshipped Okawaru.
Okawaru was greatly pleased with you.
You visited 1 branch of the dungeon, and saw 9 of its levels.
You also visited: Sewer.

You collected 568 gold pieces.


Innate Abilities, Weirdness & Mutations

You are immune to sickness and miasma.
Your stone body is resilient. (AC +8)
You are immune to poison.
You resist negative energy. (rN+)
You are resistant to electric shocks. (rElec)
You are resistant to unholy torment.
You are immune to petrification.
You are strong-willed. (Will+)


   Skills:
 - Level 10.0(15.0) Fighting
 + Level 14.7(19.7) Ranged Weapons
 - Level 3.6(8.6) Armour
 - Level 6.0(11.0) Dodging
 - Level 1.1(6.1) Stealth
 + Level 5.4 Invocations


You had 10 spell levels left.
You didn't know any spells.
Your spell library was empty.

Inventory:

Hand Weapons
 Y - a +1 orcbow (weapon)
Armour
 f - the +3 hat of Pondering {ponderous, Will+ MP+10 Int+5}
   (You took it off Gastronok on level 8 of the Dungeon)

   Int+5:     It affects your intelligence (+5).
   Will+:     It increases your willpower.
   MP+10:     It affects your magic capacity (+10).
 g - a +2 pair of boots (worn)
 j - a +1 helmet (worn)
 l - a +0 pair of gloves
 r - the +2 leather armour of Ixoamol (worn) {rElec rN+ Str-5 Dex+4}
   (You found it on level 6 of the Dungeon)

   Str-5:     It affects your strength (-5).
   Dex+4:     It affects your dexterity (+4).
   rElec:     It insulates you from electricity.
   rN+:       It protects you from negative energy.
Jewellery
 e - a +6 ring of dexterity (left hand)
 n - a +4 ring of slaying (right hand) {mikee}
Scrolls
 m - 3 scrolls of identify
Potions
 a - a potion of enlightenment
 b - a potion of cancellation
 c - 2 potions of might
 i - a potion of haste {unknown}
 k - 2 potions of mutation
 p - 4 potions of curing

Dungeon Overview and Level Annotations

Branches:
Dungeon (9/15)             Temple (0/1) D:4           Sewer (visited)
   Lair: D:8-11         Orc: D:9-12

Altars:
Ashenzari
Nemelex Xobeh
Okawaru
Qazlal
Sif Muna
Trog
Uskayaw
Vehumet
Xom

Annotations:
D:7 1 runed translucent door, Crazy Yiuf
D:9 2 transporters, qw's ghost, journeyman GrHs


Message History

The centaur warrior is moderately wounded.
A vampire mosquito comes into view.
The centaur warrior hits you but does no damage.
The centaur warrior barely misses you. The centaur warrior misses you.
The centaur warrior kicks you. The manticore closely misses you. x2
The manticore claws you.
The centaur warrior closely misses you. x2
The vampire mosquito moves out of view.
You shoot an arrow.
The arrow barely misses the centaur warrior.
Your surroundings suddenly seem different.
Found 16 gold pieces.
Found a shimmering blue altar of Sif Muna.
You start resting.
Magic restored.
You start resting.
You feel like a meek peon again.
A manticore is nearby!
8380 ||| INVOKING Heroism.
You gain the combat prowess of a mighty hero.
You shoot an arrow. The arrow hits the manticore.
The manticore is lightly wounded.
You shoot an arrow. The arrow hits the manticore!
The manticore is lightly wounded.
The manticore flicks its tail.
The volley of spikes hits you!
The barbed spikes become lodged in your body.
8383 ||| READING scroll of teleportation.
As you read the scroll of teleportation, it crumbles to dust.
You feel strangely unstable.
You shoot an arrow. The arrow closely misses the manticore.
The manticore flicks its tail.
The volley of spikes hits you.
The barbed spikes become lodged in your body.
You shoot an arrow.
The arrow hits the manticore but does no damage.
The manticore is lightly wounded.
The manticore flicks its tail.
The volley of spikes hits you!
The barbed spikes become lodged in your body.
You die...

........ ...
........ ..
........
###.###
#####...
##.....## ###
#... #.......#
.... .....
.#......$#.....
.......
....._.....H...
.......
#.....@.#
.......
#.......#
.......
##.....##
###.### .. ###
. . ########


You could see a manticore.

Vanquished Creatures
  Gastronok (D:8)
  A hydra (D:8)
  2 deep elf pyromancers (D:9)
  A manticore (D:9)
  Joseph (D:9)
  2 dream sheep (D:8)
  4 wraiths (D:9)
  7 yaks (D:9)
  Grum (D:9)
  A steam dragon (D:9)
  Duvessa (D:6)
  A water moccasin (D:8)
  2 ice beasts (D:7)
  2 orc warriors
  A sky beast (D:6)
  A black bear (D:7)
  3 ogres
  3 wolves (D:9)
  3 centaurs
  6 kobold brigands
  4 bullfrogs
  2 scorpions
  Dowan (D:6)
  11 killer bees
  2 howler monkeys
  2 jellies (D:4)
  A sleepcap (D:4)
  6 orc priests
  5 iguanas
  7 orc wizards
  18 adders
  A river rat (Sewer)
  2 white imps
  An ufetubus (D:5)
  3 worms
  5 dart slugs
  29 orcs
  4 endoplasms
  5 giant cockroaches
  11 goblins
  4 hobgoblins
  3 quokkas
  3 ball pythons
  A bat (D:3)
  A frilled lizard (D:1)
  19 kobolds
  5 rats
200 creatures vanquished.

Vanquished Creatures (others)
  A ball python (D:1)
1 creature vanquished.

Grand Total: 201 creatures vanquished

Notes
Turn   | Place    | Note
-------+----------+-------------------------------------------
     0 | D:1      | qw the Gargoyle Hunter began the quest for the Orb.
     0 | D:1      | Reached XP level 1. HP: 12/12 MP: 1/1
     0 | D:1      | 0 ||| qw: Version: 0.3-a-75-g829b12e
     0 | D:1      | 0 ||| qw: Game counter: 113
     0 | D:1      | 0 ||| qw: Melee chars always use a shield: true
     0 | D:1      | 0 ||| qw: God list: Okawaru
     0 | D:1      | 0 ||| qw: Allow faded altars: false
     0 | D:1      | 0 ||| qw: Do Orc after clearing Dungeon:15 true
     0 | D:1      | 0 ||| qw: Do second Lair branch before Depths: true
     0 | D:1      | 0 ||| qw: Lair rune preference: random
     0 | D:1      | 0 ||| qw: Goals: Normal
     0 | D:1      | 0 ||| PLANNING D:1-11
    24 | D:1      | HP: 3/12 [goblin/+0 dagger (1)]
    30 | D:1      | HP: 1/12 [giant cockroach (2)]
   165 | D:1      | Reached XP level 2. HP: 17/17 MP: 2/2
   231 | D:1      | Found a faded altar of an unknown god.
   643 | D:1      | 643 ||| UPGRADING to +0 pair of boots.
   648 | D:1      | 648 ||| READING scroll labelled ADOGAR RAGEOZA.
   649 | D:1      | 649 ||| DRINKING 2 dark potions.
   650 | D:1      | 650 ||| DROPPING scroll of butterflies.
   651 | D:1      | 651 ||| DROPPING potion of magic.
   900 | D:2      | Reached skill level 5 in Ranged Weapons
   900 | D:2      | Reached XP level 3. HP: 21/21 MP: 3/3
  1424 | D:2      | 1424 ||| UPGRADING to +6 ring of dexterity.
  1425 | D:2      | 1425 ||| READING scroll labelled ZAUZOTAEXE.
  1426 | D:2      | 1426 ||| READING scroll labelled BURABB WADIEZ.
  1427 | D:2      | 1427 ||| READING scroll labelled TUEJET SEOMOUC.
  1515 | D:3      | Noticed a +0 hand axe
  1516 | D:3      | Found a hide-covered altar of Uskayaw.
  1517 | D:3      | Noticed a +0 dagger
  1536 | D:3      | Reached skill level 3 in Fighting
  1622 | D:3      | You fall into a shaft and drop 1 floor!
  1647 | D:4      | Reached XP level 4. HP: 22/28 MP: 4/4
  1718 | D:4      | Noticed an ogre
  1728 | D:4      | Killed an ogre
  1729 | D:4      | Reached skill level 6 in Ranged Weapons
  1729 | D:4      | Reached XP level 5. HP: 12/32 MP: 5/5
  1919 | D:4      | Reached XP level 6. HP: 29/37 MP: 6/6
  1970 | D:4      | 1970 ||| FLEEEEING.
  1971 | D:4      | 1971 ||| FLEEEEING.
  1972 | D:4      | 1972 ||| STAIRDANCE
  2297 | D:3      | Reached skill level 1 in Armour
  2667 | D:3      | Found a stormy altar of Qazlal.
  2847 | D:3      | 2847 ||| UPGRADING to +0 ring mail.
  2857 | D:3      | 2857 ||| DROPPING +0 leather armour.
  2858 | D:3      | 2858 ||| UPGRADING to ring of resist corrosion.
  2859 | D:3      | 2859 ||| READING scroll labelled JICYDO DAPHUED.
  2884 | D:3      | 2884 ||| DRINKING 2 ruby potions.
  2885 | D:3      | 2885 ||| DRINKING 2 clear potions.
  2886 | D:3      | 2886 ||| DROPPING potion of degeneration.
  3008 | D:4      | 3008 ||| DRINKING potion of curing.
  3008 | D:4      | 3008 ||| (to cure confusion)
  3198 | D:4      | Found an iron altar of Okawaru.
  3199 | D:4      | 3199 ||| PLANNING OKAWARU WORSHIP
  3199 | D:4      | 3199 ||| READING scroll labelled PONNU MA SUIVYO.
  3203 | D:4      | Became a worshipper of Warmaster Okawaru
  3204 | D:4      | 3204 ||| PLANNING D:1-11
  3213 | D:4      | Found a bloodstained altar of Trog.
  3264 | D:4      | Reached skill level 7 in Ranged Weapons
  3264 | D:4      | Reached XP level 7. HP: 43/43 MP: 7/7
  3413 | D:4      | Found a broken altar of Ashenzari.
  3492 | D:4      | Found a staircase to the Ecumenical Temple.
  3568 | D:4      | 3568 ||| DRINKING 2 fuming brown potions.
  3586 | D:5      | Entered Level 5 of the Dungeon
  3587 | D:5      | 3587 ||| PLANNING SEWER
  3589 | D:5      | 3589 ||| STAIRDANCE
  3710 | D:5      | 3710 ||| Stepping ~*~*~tactically~*~*~ (outnumbered).
  3711 | D:5      | 3711 ||| Stepping ~*~*~tactically~*~*~ (outnumbered).
  3725 | D:5      | Reached * piety under Okawaru
  3819 | D:5      | 3819 ||| INVOKING Heroism.
  3824 | D:5      | Reached skill level 8 in Ranged Weapons
  3849 | D:5      | Reached skill level 1 in Invocations
  3990 | D:5      | Found a glowing drain.
  3991 | D:5      | 3991 ||| DROPPING ring of flight.
  3992 | D:5      | 3992 ||| READING scroll labelled ZOTAOCRA EREN.
  3993 | D:5      | 3993 ||| DRINKING 2 bubbling inky potions.
  3994 | D:5      | 3994 ||| DRINKING 2 inky potions.
  3994 | D:5      | Gained mutation: You are strong-willed. (Will+) [potion of
                  | mutation]
  4000 | Sewer    | Entered a sewer
  4005 | Sewer    | Reached XP level 8. HP: 48/48 MP: 9/9
  4015 | Sewer    | 4015 ||| Stepping ~*~*~tactically~*~*~ (water).
  4038 | Sewer    | 4038 ||| Stepping ~*~*~tactically~*~*~ (water).
  4083 | Sewer    | 4083 ||| Stepping ~*~*~tactically~*~*~ (water).
  4106 | Sewer    | 4106 ||| INVOKING Heroism.
  4175 | Sewer    | 4175 ||| Stepping ~*~*~tactically~*~*~ (water).
  4353 | Sewer    | 4353 ||| READING scroll labelled KIUNGEIM TEMAA.
  4354 | Sewer    | 4354 ||| READING scroll labelled ZEZUTAEGEOX.
  4355 | Sewer    | 4355 ||| DRINKING 2 bubbling sapphire potions.
  4356 | Sewer    | 4356 ||| DRINKING 2 bubbling golden potions.
  4357 | Sewer    | 4357 ||| READING 2 scrolls of identify.
  4357 | Sewer    | 4357 ||| IDENTIFYING red potion
  4358 | Sewer    | 4358 ||| DROPPING potion of invisibility.
  4370 | D:5      | 4370 ||| PLANNING D:1-11
  4417 | D:5      | 4417 ||| INVOKING Heroism.
  4484 | D:5      | 4484 ||| SWAPPING to +0 orcbow.
  4485 | D:5      | 4485 ||| DROPPING +1 shortbow.
  4502 | D:5      | Reached skill level 3 in Invocations
  4605 | D:5      | 4605 ||| INVOKING Heroism.
  4858 | D:6      | Identified the +2 leather armour of Ixoamol {rElec rN+
                  | Str-5 Dex+4}
  4872 | D:6      | 4872 ||| INVOKING Heroism.
  4925 | D:6      | 4925 ||| FLEEEEING.
  4927 | D:6      | 4927 ||| FLEEEEING.
  4931 | D:6      | 4931 ||| STAIRDANCE
  4949 | D:5      | 4949 ||| UPGRADING to +2 leather armour of Ixoamol {rElec
                  | rN+ Str-5 Dex+4}.
  4959 | D:5      | 4959 ||| DROPPING +0 ring mail.
  4960 | D:5      | 4960 ||| UPGRADING to +4 ring of slaying {mikee}.
  4962 | D:5      | 4962 ||| DROPPING ring of resist corrosion.
  4977 | D:6      | Reached skill level 3 in Dodging
  5143 | D:6      | Noticed Duvessa
  5144 | D:6      | 5144 ||| INVOKING Heroism.
  5145 | D:6      | Noticed Dowan
  5148 | D:6      | Killed Duvessa
  5149 | D:6      | Reached skill level 9 in Ranged Weapons
  5154 | D:6      | Killed Dowan
  5391 | D:6      | 5391 ||| UPGRADING to +2 pair of boots.
  5401 | D:6      | 5401 ||| DROPPING +0 pair of boots.
  5402 | D:6      | 5402 ||| DRINKING 2 brown potions.
  5403 | D:6      | 5403 ||| READING 2 scrolls of identify.
  5403 | D:6      | 5403 ||| IDENTIFYING black potion
  5404 | D:6      | 5404 ||| DROPPING potion of ambrosia.
  5405 | D:6      | 5405 ||| DROPPING potion of attraction.
  5452 | D:7      | Found a radiant altar of Vehumet.
  5487 | D:7      | Paralysed by a kobold brigand for 2 turns
  5497 | D:7      | Reached XP level 9. HP: 55/55 MP: 12/12
  5528 | D:7      | Reached skill level 6 in Fighting
  5549 | D:7      | 5549 ||| INVOKING Heroism.
  5734 | D:7      | 5734 ||| INVOKING Heroism.
  5770 | D:7      | 5770 ||| FLEEEEING.
  5773 | D:7      | 5773 ||| FLEEEEING.
  5774 | D:7      | 5774 ||| FLEEEEING.
  5775 | D:7      | 5775 ||| FLEEEEING.
  5776 | D:7      | 5776 ||| FLEEEEING.
  5777 | D:7      | 5777 ||| FLEEEEING.
  5779 | D:7      | 5779 ||| FLEEEEING.
  5781 | D:7      | 5781 ||| FLEEEEING.
  5782 | D:7      | 5782 ||| FLEEEEING.
  5783 | D:7      | 5783 ||| FLEEEEING.
  5784 | D:7      | 5784 ||| FLEEEEING.
  5785 | D:7      | 5785 ||| FLEEEEING.
  5786 | D:7      | 5786 ||| FLEEEEING.
  5787 | D:7      | 5787 ||| FLEEEEING.
  5788 | D:7      | 5788 ||| FLEEEEING.
  5789 | D:7      | 5789 ||| FLEEEEING.
  5792 | D:7      | 5792 ||| FLEEEEING.
  5793 | D:7      | 5793 ||| FLEEEEING.
  5794 | D:7      | 5794 ||| FLEEEEING.
  5795 | D:7      | 5795 ||| FLEEEEING.
  5799 | D:7      | Reached skill level 10 in Ranged Weapons
  5970 | D:7      | Found a shimmering altar of Xom.
  6130 | D:7      | 6130 ||| INVOKING Heroism.
  6217 | D:7      | Found a runed translucent door.
  6220 | D:7      | Noticed Crazy Yiuf
  6428 | D:7      | 6428 ||| READING scroll labelled WAN TAWEMMEBAC.
  6429 | D:7      | 6429 ||| READING scroll labelled FOMUVVY VEJOL.
  6468 | D:8      | 6468 ||| INVOKING Heroism.
  6485 | D:8      | 6485 ||| Stepping ~*~*~tactically~*~*~ (retreating).
  6489 | D:8      | 6489 ||| Stepping ~*~*~tactically~*~*~ (retreating).
  6596 | D:8      | Found a sparkling altar of Nemelex Xobeh.
  6922 | D:8      | 6922 ||| READING scroll of enchant weapon.
  6922 | D:8      | 6922 ||| ENCHANTING +0 orcbow.
  6995 | D:8      | Noticed Gastronok
  6996 | D:8      | 6996 ||| INVOKING Heroism.
  7002 | D:8      | 7002 ||| Stepping ~*~*~tactically~*~*~ (retreating).
  7008 | D:8      | HP: 9/57 [Gastronok (21)]
  7009 | D:8      | 7009 ||| READING 2 scrolls of teleportation.
  7010 | D:8      | 7010 ||| DRINKING 2 potions of heal wounds.
  7026 | D:8      | 7026 ||| FLEEEEING.
  7027 | D:8      | 7027 ||| FLEEEEING.
  7029 | D:8      | 7029 ||| FLEEEEING.
  7030 | D:8      | 7030 ||| FLEEEEING.
  7031 | D:8      | 7031 ||| FLEEEEING.
  7032 | D:8      | 7032 ||| FLEEEEING.
  7033 | D:8      | 7033 ||| STAIRDANCE
  7100 | D:7      | 7100 ||| UPGRADING to +0 helmet.
  7105 | D:7      | 7105 ||| READING scroll labelled HIHIDE QEXAISA.
  7106 | D:7      | 7106 ||| DRINKING 2 murky white potions.
  7213 | D:7      | 7213 ||| READING 4 scrolls of identify.
  7213 | D:7      | 7213 ||| IDENTIFYING grey potion
  7214 | D:7      | 7214 ||| DRINKING potion of experience.
  7214 | D:7      | Reached skill level 14 in Ranged Weapons
  7214 | D:7      | Reached XP level 10. HP: 63/63 MP: 13/13
  7215 | D:7      | 7215 ||| READING 3 scrolls of identify.
  7215 | D:7      | 7215 ||| IDENTIFYING bubbling black potion
  7216 | D:7      | 7216 ||| DROPPING potion of berserk rage.
  7217 | D:7      | 7217 ||| DROPPING potion of brilliance.
  7292 | D:8      | 7292 ||| INVOKING Heroism.
  7307 | D:8      | Killed Gastronok
  7307 | D:8      | Reached ** piety under Okawaru
  7421 | D:8      | 7421 ||| READING scroll of enchant armour.
  7421 | D:8      | 7421 ||| ENCHANTING +0 helmet.
  7459 | D:8      | 7459 ||| RETREATING.
  7460 | D:8      | 7460 ||| Stepping ~*~*~tactically~*~*~ (outnumbered).
  7472 | D:8      | Reached XP level 11. HP: 69/69 MP: 14/14
  7489 | D:8      | Reached *** piety under Okawaru
  7490 | D:8      | Noticed a two-headed hydra
  7491 | D:8      | 7491 ||| INVOKING Heroism.
  7497 | D:8      | Killed a two-headed hydra
  7598 | D:9      | 7598 ||| INVOKING Heroism.
  7603 | D:9      | 7603 ||| Stepping ~*~*~tactically~*~*~ (cloud).
  7634 | D:9      | Noticed a cyclops
  7658 | D:9      | Noticed qw's ghost (journeyman GrHs)
  7667 | D:9      | Found a transporter.
  7667 | D:9      | Noticed a boulder beetle
  7676 | D:9      | Found a transporter.
  7721 | D:9      | 7721 ||| INVOKING Heroism.
  7782 | D:9      | Noticed Grum
  7783 | D:9      | 7783 ||| INVOKING Heroism.
  7784 | D:9      | 7784 ||| RETREATING.
  7797 | D:9      | Killed Grum
  7798 | D:9      | Reached skill level 9 in Fighting
  7918 | D:9      | Noticed Joseph
  7925 | D:9      | Killed Joseph
  7926 | D:9      | Reached skill level 3 in Armour
  7949 | D:9      | 7949 ||| RETREATING.
  7984 | D:9      | 7984 ||| Stepping ~*~*~tactically~*~*~ (retreating).
  8137 | D:9      | Reached skill level 6 in Dodging
  8175 | D:9      | 8175 ||| RETREATING.
  8189 | D:9      | Reached **** piety under Okawaru
  8194 | D:9      | 8194 ||| Stepping ~*~*~tactically~*~*~ (outnumbered).
  8305 | D:9      | Noticed a deep elf pyromancer
  8306 | D:9      | Noticed a centaur warrior
  8307 | D:9      | 8307 ||| Stepping ~*~*~tactically~*~*~ (outnumbered).
  8308 | D:9      | Noticed a deep elf pyromancer
  8308 | D:9      | Noticed a manticore
  8309 | D:9      | 8309 ||| RETREATING.
  8314 | D:9      | Killed a deep elf pyromancer
  8315 | D:9      | Noticed a manticore
  8316 | D:9      | 8316 ||| INVOKING Heroism.
  8318 | D:9      | 8318 ||| Stepping ~*~*~tactically~*~*~ (retreating).
  8319 | D:9      | 8319 ||| Stepping ~*~*~tactically~*~*~ (retreating).
  8320 | D:9      | 8320 ||| Stepping ~*~*~tactically~*~*~ (retreating).
  8321 | D:9      | 8321 ||| Stepping ~*~*~tactically~*~*~ (retreating).
  8322 | D:9      | 8322 ||| Stepping ~*~*~tactically~*~*~ (retreating).
  8324 | D:9      | Noticed a centaur warrior
  8327 | D:9      | Killed a deep elf pyromancer
  8331 | D:9      | HP: 17/72 [centaur warrior (5)]
  8332 | D:9      | 8332 ||| READING 2 scrolls of teleportation.
  8333 | D:9      | 8333 ||| DRINKING potion of heal wounds.
  8335 | D:9      | Killed a manticore
  8335 | D:9      | Noticed a wizard
  8336 | D:9      | HP: 17/72 [centaur warrior (1)]
  8337 | D:9      | HP: 8/72 [manticore (6)]
  8338 | D:9      | Found a shimmering blue altar of Sif Muna.
  8380 | D:9      | 8380 ||| INVOKING Heroism.
  8382 | D:9      | HP: 11/72 [manticore/volley of spikes (11)]
  8383 | D:9      | 8383 ||| READING scroll of teleportation.
  8385 | D:9      | Killed from afar by a manticore

Levels and vault maps discovered:
D:1:      spicycebolla_green_bress_n_ham, layout_rooms,
          nicolae_ecumenical_lake_church, lemuel_flame_loot_1
D:2:      kennysheep_the_goblin_king, layout_basic, serial_forest,
          infiniplex_forest_straight_2, infiniplex_forest_corner_2,
          infiniplex_forest_clump_C, infiniplex_forest_straight_4,
          infiniplex_forest_straight_1, infiniplex_forest_fountain,
          infiniplex_forest_split, infiniplex_forest_corner_1,
          infiniplex_forest_join
D:3:      layout_basic, dancing_weapons_uskayaw, lemuel_round_altar,
          chequers_serial_rivers_small_b, nicolae_half_adder
D:4:      layout_basic, lemuel_tele_altar, amethyst_overflow_temple_binary,
          temple_green, nicolae_houndstooth_variations
D:5:      layout_loops_ring, gup_sewer_entry_bubbles
D:6:      layout_rooms, serial_bayou_crossing, uniq_duvessa
D:7:      layout_basic, nicolae_vehumet_radiance, old_standard_altar,
          chequers_serial_rivers_room_b, uniq_crazy_yiuf_cottage
D:8:      layout_basic, nemelex_spade_bored_becter, chequers_decorated_corner,
          hangedman_ranch, uniq_gastronok
D:9:      minmay_blocky_corners, layout_gridville, old_standard_altar,
          gammafunk_ghost_arena, hangedman_decor_diamond_cutter, uniq_joseph,
          uniq_grum

Skill      XL: |  1  2  3  4  5  6  7  8  9 10 11 |
---------------+----------------------------------+-----
Ranged Weapons | 5 6 7 8 9 14 | 14.7
Fighting       | 3 4 5 7 8 10 | 10.0
Dodging        | 2 3 4 6 |  6.0
Armour         | 1 2 3 |  3.6
Invocations    | 1 4 5 |  5.4
Stealth        | |  1.1

Action                     |  1- 3 |  4- 6 |  7- 9 | 10-12 || total
---------------------------+-------+-------+-------+-------++-------
   Fire: Shortbow          |    95 |   160 |   159 |       ||   414
         Orcbow            |       |       |   182 |   207 ||   389
 Invoke: Heroism           |       |       |    11 |     7 ||    18
    Use: Scroll            |     4 |     2 |    11 |     4 ||    21
         Potion            |     1 |     3 |     9 |     1 ||    14
 Armour: Leather armour    |    24 |    31 |    27 |    80 ||   162
         Ring mail         |       |    35 |    48 |       ||    83
  Dodge: Dodged            |    29 |    65 |    75 |   110 ||   279

Table legend:
 A = Non-vault XP
 B = Vault XP
 C = Vault XP percentage of total XP
 D = Non-vault monster count
 E = Vault monster count
 F = Vault count percentage of total count
                 A         B        C        D         E       F
            +---------+---------+-------+---------+---------+-------
      Total |    6697 |    6232 |  48.2 |     151 |      49 |  24.5
            +---------+---------+-------+---------+---------+-------
        D:1 |      25 |       0 |   0.0 |      15 |       0 |   0.0
        D:2 |      22 |      12 |  35.3 |       5 |       7 |  58.3
        D:3 |      51 |      54 |  51.4 |      11 |       4 |  26.7
        D:4 |     688 |       0 |   0.0 |      28 |       0 |   0.0
        D:5 |     580 |      23 |   3.8 |      19 |       5 |  20.8
        D:6 |     411 |     216 |  34.4 |       6 |       2 |  25.0
        D:7 |     907 |       0 |   0.0 |      23 |       0 |   0.0
        D:8 |     659 |    3235 |  83.1 |      13 |       7 |  35.0
        D:9 |    3354 |    2519 |  42.9 |      31 |       8 |  20.5
      Sewer |       0 |     173 | 100.0 |       0 |      16 | 100.0
            +---------+---------+-------+---------+---------+-------
